 Dungeon Crawl Stone Soup version 0.23-a0-164-g7711e57 (webtiles) character file.

770 Amnesiac the Chiller (level 7, -5/46 HPs)
             Began as a Mummy Ice Elementalist on Sept 10, 2018.
             Was a Follower of Vehumet.
             Killed from afar by an orc (16 damage)
             ... with a wand of acid (5)
             ... on level 3 of the Dungeon.
             The game lasted 00:07:48 (5593 turns).

Amnesiac the Chiller (Mummy Ice Elementalist)       Turns: 5593, Time: 00:07:48

Health: -5/46      AC:  3    Str: 11    XL:     7   Next: 52%
Magic:  3/15       EV: 12    Int: 17    God:    Vehumet [*.....]
Gold:   211        SH:  0    Dex: 12    Spells: 3/17 levels left

rFire    x . .     SeeInvis .   m - +2 spear (flame)
rCold    + . .     Gourm    .   (no shield)
rNeg     + + +     Faith    .   e - +0 robe
rPois    ∞         Spirit   .   (no helmet)
rElec    .         Reflect  .   (no cloak)
rCorr    .         Harm     .   i - +0 pair of gloves
MR       .....                  (no boots)
Stlth    ++........             (no amulet)
HPRegen  0.15/turn              (no ring)
MPRegen  0.14/turn              (no ring)

@: very slightly contaminated
A: no food or potions, fire vulnerability, cold resistance 1, negative energy
resistance 3, torment resistance, unbreathing
a: Renounce Religion


You were on level 3 of the Dungeon.
You worshipped Vehumet.
Vehumet was aware of your devotion.
You were not hungry.

You visited 1 branch of the dungeon, and saw 5 of its levels.

You collected 211 gold pieces.

Inventory:

Hand Weapons
 m - a +2 spear of flaming (weapon)
Armour
 e - a +0 robe (worn)
 i - a +0 pair of gloves (worn)
 o - a +0 buckler
Wands
 b - a wand of flame (21)
Scrolls
 a - 2 scrolls of magic mapping {!r, unknown}
 c - 4 scrolls of teleportation {!r, unknown}
 d - 6 scrolls of remove curse {!r, unknown}
 f - 3 scrolls of identify {!r, unknown}
 g - 3 scrolls of enchant armour {!r, unknown}
 h - 3 scrolls of enchant weapon {!r, unknown}
 j - 2 scrolls of blinking {!r, unknown}
 k - 2 scrolls of amnesia {!r, unknown}
 l - 2 scrolls of noise {!r, unknown}
 n - a scroll of immolation {!r, unknown}


   Skills:
 - Level 1.5 Dodging
 - Level 1.5 Stealth
 + Level 5.8 Spellcasting
 + Level 2.7 Conjurations
 * Level 5.8 Ice Magic


You had 3 spell levels left.
You knew the following spells:

 Your Spells              Type           Power        Failure   Level  Hunger
a - Freeze                Ice            ###.         1%          1    N/A
b - Summon Ice Beast      Ice/Summ       ##......     36%         4    N/A
d - Throw Icicle          Conj/Ice       ###.....     22%         4    N/A
e - Throw Frost           Conj/Ice       ###...       3%          2    N/A
z - Ozocubu's Armour      Chrm/Ice       ##......     12%         3    N/A

Your spell library contained the following spells:

 Spells                   Type           Power        Failure   Level  Hunger
 Flame Tongue             Conj/Fire      #....        8%          1    N/A
 Magic Dart               Conj           ##..         4%          1    N/A
 Searing Ray              Conj           ##....       6%          2    N/A
 Dazzling Spray           Conj/Hex       #.....       22%         3    N/A
 Iskenderun's Mystic Bla  Conj           ##......     38%         4    N/A
 Force Lance              Conj/Tloc      #.......     58%         4    N/A
 Fulminant Prism          Conj/Hex       #.........   58%         4    N/A

Dungeon Overview and Level Annotations

Branches:
Dungeon (5/15)
 Temple: D:4-7

Altars:
Fedhas
Okawaru
Uskayaw
Vehumet
Xom
Zin

Annotations:
D:3 Natasha


Innate Abilities, Weirdness & Mutations

You do not eat or drink.
Your flesh is vulnerable to fire.
You are immune to poison.
Your flesh is cold resistant. (rC+)
You are immune to negative energy. (rN+++)
You are immune to unholy pain and torment.
You can survive without breathing.


Message History

You can't see any susceptible monsters within range! (Use Z to cast anyway.)
There are monsters nearby!
The orc zaps a wand.
The bolt of acid hits you!
Ouch! That really hurt!
* * * LOW HITPOINT WARNING * * *
You are splashed with acid!
The acid burns!
* * * LOW HITPOINT WARNING * * *
It is a wand of acid (5).
Casting: Freeze (safe; 1% risk of failure)
Confirm with . or Enter, or press ? or * to list all spells.
You can't see any susceptible monsters within range! (Use Z to cast anyway.)
There are monsters nearby!
You are too injured to fight recklessly!
Casting: Freeze (safe; 1% risk of failure)
Confirm with . or Enter, or press ? or * to list all spells.
You can't see any susceptible monsters within range! (Use Z to cast anyway.)
There are monsters nearby!
You are too injured to fight recklessly!
Casting: Freeze (safe; 1% risk of failure)
Confirm with . or Enter, or press ? or * to list all spells.
You can't see any susceptible monsters within range! (Use Z to cast anyway.) Evoke which item? (* to show all) (? for menu, Esc to quit)
Okay, then.
Okay, then.
Evoke which item? (* to show all) (? for menu, Esc to quit)
Okay, then.
Casting: Freeze (safe; 1% risk of failure)
Confirm with . or Enter, or press ? or * to list all spells.
Aiming: Throw Icicle (slightly dangerous; 22% risk of failure)
Press: ? - help, Shift-Dir - straight line, f - orc
Aim: an orc, wielding a mace, wearing a chain mail and carrying a wand of acid You miscast Throw Icicle.
You are very lightly contaminated with residual magic.
Nothing appears to happen.
The orc shouts!
Unknown command.
Casting: Throw Icicle (slightly dangerous; 22% risk of failure)
Confirm with . or Enter, or press ? or * to list all spells.
Aiming: Throw Icicle (slightly dangerous; 22% risk of failure)
Press: ? - help, Shift-Dir - straight line, f/p - orc
Aim: an orc, wielding a mace, wearing a chain mail and carrying a wand of acid The shard of ice misses the orc.
Unknown command.
Casting: Throw Icicle (slightly dangerous; 22% risk of failure)
Confirm with . or Enter, or press ? or * to list all spells.
Aiming: Throw Icicle (slightly dangerous; 22% risk of failure)
Press: ? - help, Shift-Dir - straight line, f/p - orc
Aim: an orc, wielding a mace, wearing a chain mail and carrying a wand of acid You miscast Throw Icicle.
A chill runs through your body.
Casting: Throw Icicle (slightly dangerous; 22% risk of failure)
Confirm with . or Enter, or press ? or * to list all spells.
You don't have enough magic to cast that spell.
Firing (i - inventory) No suitable missiles.
Press: ? - help, Shift-Dir - straight line, f/p - orc
Aim: an orc, wielding a mace, wearing a chain mail and carrying a wand of acid
Okay, then.
Evoke which item? (* to show all) (? for menu, Esc to quit)
Aiming: Throw Flame
Press: ? - help, Shift-Dir - straight line, f/p - orc
Aim: an orc, wielding a mace, wearing a chain mail and carrying a wand of acid The puff of flame hits the orc.
The orc is moderately wounded.
The orc zaps a wand.
The bolt of acid hits you!
You die...

#.##.##.# ### #.##....###.#
######.###.......#
##[...............#
#....##.###.####..#
##....##.###.# #..# ####
#............# #..# ...#
#..#..#..########..#
...####......oo.@..#.##..#
...'........†..........>.##
...####.##.....#..........#
...# ##.##....%#.#.#...#..#
...###.................#..#
...#....###..#.#.###...#..#
...#....'.................#
...#....###.!..#...#.##.#.#
#'##....# #..#.# ....##.#.#


You could see 2 orcs.

Vanquished Creatures
  A phantom (D:5)
  An ogre (D:4)
  A crimson imp (D:5)
  2 hounds
  4 orc wizards (D:4)
  An iguana (D:4)
  Natasha (twice) (D:3)
  5 worker ants
  2 hound skeletons (D:4)
  5 adders
  2 oozes
  5 dart slugs
  2 worms (D:2)
  5 leopard geckos
  9 orcs
  A ball python (D:1)
  7 giant cockroaches
  7 goblins
  6 hobgoblins
  3 jackals (D:4)
  7 kobolds
  4 quokkas
  8 bats
  4 frilled lizards
  A giant cockroach zombie (D:5)
  A leopard gecko skeleton (D:4)
  2 quokka skeletons (D:4)
  12 rats
110 creatures vanquished.

Notes
Turn   | Place    | Note
-------+----------+-------------------------------------------
     0 | D:1      | Amnesiac the Mummy Ice Elementalist began the quest for the
                  | Orb.
     0 | D:1      | Reached XP level 1. HP: 13/13 MP: 4/4
   328 | D:1      | Reached XP level 2. HP: 19/19 MP: 1/5
  1047 | D:2      | Reached XP level 3. HP: 24/24 MP: 4/7
  1052 | D:2      | Learned a level 3 spell: Ozocubu's Armour
  1365 | D:3      | Noticed Natasha
  1369 | D:3      | HP: 1/24 [Natasha/magic dart (9)]
  1370 | D:3      | Killed Natasha
  1672 | D:3      | Reached XP level 4. HP: 30/30 MP: 5/9
  1678 | D:3      | Learned a level 4 spell: Throw Icicle
  1707 | D:3      | Found a faded altar of an unknown god.
  2070 | D:3      | Noticed Natasha
  2155 | D:3      | Killed Natasha
  2155 | D:3      | Reached XP level 5. HP: 17/35 MP: 2/11
  2161 | D:3      | Noticed Natasha
  2654 | D:5      | Entered Level 5 of the Dungeon
  2704 | D:4      | Reached XP level 6. HP: 32/41 MP: 6/13
  2877 | D:4      | Reached skill level 5 in Spellcasting
  2877 | D:4      | Reached skill level 5 in Ice Magic
  3162 | D:4      | Found a blossoming altar of Fedhas.
  3329 | D:4      | Learned a level 4 spell: Summon Ice Beast
  3332 | D:4      | Learned a level 2 spell: Throw Frost
  3340 | D:4      | Reached XP level 7. HP: 42/46 MP: 1/14
  3479 | D:4      | Found a hide-covered altar of Uskayaw.
  3743 | D:5      | Found a glowing silver altar of Zin.
  3885 | D:5      | Found an iron altar of Okawaru.
  4001 | D:5      | Found a shimmering altar of Xom.
  4294 | D:5      | Found a radiant altar of Vehumet.
  4298 | D:5      | Became a worshipper of Vehumet
  5564 | D:3      | Reached * piety under Vehumet
  5564 | D:3      | Offered knowledge of Flame Tongue by Vehumet.
  5593 | D:3      | Killed from afar by an orc

Vault maps used:
D:1:      tarquinn_simple_flora_water_a
D:2:      minmay_crystal_water
D:3:      overflow_temple_1_default, chequers_ecumenical_altar_simple,
          first_ration, minmay_misc_feat_enclosed, columned_hall_lemuel,
          uniq_natasha
D:4:      kennysheep_mini, fedhas_altar_4
D:5:      vehumet_altar_wand_db, lemuel_round_altar, lemuel_round_altar,
          old_standard_altar

Skill      XL: |  1  2  3  4  5  6 |
---------------+-------------------+-----
Ice Magic      | 3 4 5 |  5.8
Spellcasting   | 3 4 5 |  5.8
Conjurations   | 2 |  2.7
Dodging        | |  1.5
Stealth        | |  1.5

Action                   |  1- 3 |  4- 6 |  7- 9 || total
-------------------------+-------+-------+-------++-------
Melee: Unarmed           |     4 |       |       ||     4
       Spear             |    33 |    25 |    33 ||    91
       Dagger            |     5 |       |       ||     5
       Trident           |       |    13 |     9 ||    22
 Cast: Freeze            |    41 |    76 |    43 ||   160
       Ozocubu's Armour  |       |     2 |       ||     2
       Throw Frost       |       |     5 |     7 ||    12
       Throw Icicle      |       |       |     3 ||     3
Evoke: Wand              |       |       |    16 ||    16
 Stab: Sleeping          |     3 |     2 |     4 ||     9
Armor: Robe              |    10 |    10 |     8 ||    28
Dodge: Dodged            |    30 |    47 |    29 ||   106

Table legend:
 A = Non-vault XP
 B = Vault XP
 C = Vault XP percentage of total XP
 D = Non-vault monster count
 E = Vault monster count
 F = Vault count percentage of total count
                 A         B        C        D         E       F
            +---------+---------+-------+---------+---------+-------
      Total |    1062 |      38 |   3.5 |     108 |       2 |   1.8
            +---------+---------+-------+---------+---------+-------
        D:1 |      59 |       0 |   0.0 |      29 |       0 |   0.0
        D:2 |      88 |       0 |   0.0 |      23 |       0 |   0.0
        D:3 |     112 |      36 |  24.3 |      17 |       1 |   5.6
        D:4 |     578 |       0 |   0.0 |      33 |       0 |   0.0
        D:5 |     225 |       2 |   0.9 |       6 |       1 |  14.3
            +---------+---------+-------+---------+---------+-------
